 Dungeon Crawl Stone Soup version 0.25.0-9-g26727b657a (webtiles) character file.

Game seed: 1345205967334119785

304373 Delamore the Warrior (level 21, 0/145 HPs)
             Began as a Gargoyle Fighter on June 19, 2020.
             Was the Champion of Okawaru.
             Slain by an ironbrand convoker
             ... wielding a +0 morningstar
              (12 damage)
             ... in the Desolation of Salt.
             The game lasted 01:24:59 (44061 turns).

Delamore the Warrior (Gargoyle Fighter)            Turns: 44061, Time: 01:25:00

Health: 0/145      AC: 54    Str: 29    XL:     21   Next: 11%
Magic:  21/26      EV:  8    Int: 11    God:    Okawaru [******]
Gold:   2786       SH: 19    Dex: 12    Spells: 20/20 levels left

rFire    + . .     SeeInvis +   m - +9 eveningstar (vorpal)
rCold    + + .     Gourm    .   r - +3 kite shield {reflect}
rNeg     + . .     Faith    +   u - +7 plate armour "Saefyry" {+Blink rC+ Str+3}
rPois    ∞         Spirit   .   v - +1 helmet
rElec    +         Reflect  +   P - +0 cloak
rCorr    .         Harm     .   W - +1 pair of gloves {Dex+3}
MR       +....                  S - +0 pair of boots of the Slightly Bent {rF+ rC+ Int-2 Slay+3}
Stlth    ..........             L - amulet of faith
HPRegen  0.34/turn              a - ring of see invisible
MPRegen  0.20/turn              b - +4 ring of protection

@: finesse, slowed, drained, very slow
A: big wings, negative energy resistance 1, electricity resistance, unbreathing,
petrification resistance, rot immunity, AC +16
}: 2/15 runes: decaying, serpentine
a: Fly, Heroism, Finesse, Renounce Religion, Evoke Blink


You were in the Desolation of Salt.
You worshipped Okawaru.
Okawaru was exalted by your worship.
You were not hungry.

You visited 7 branches of the dungeon, and saw 34 of its levels.
You also visited: Ossuary, Ice Cave, Volcano and Desolation.

You collected 5264 gold pieces.
You spent 2478 gold pieces at shops.

Inventory:

Hand Weapons
 m - a +9 vorpal eveningstar (weapon)
 w - the +5 morningstar of Okawaru's Castigation {antimagic, rPois rF++}
   (Okawaru gifted it to you on level 1 of the Vaults)

   It reduces the magical energy of the wielder, and disrupts the spells and
   magical abilities of those hit.
   Natural abilities and divine invocations are not affected.
   It greatly protects you from fire.
   It protects you from poison.
 G - a +5 eveningstar of protection
Missiles
 O - 2 throwing nets
 X - 7 curare-tipped darts
 Z - 3 silver javelins (quivered)
Armour
 r - a +3 kite shield of reflection (worn)
 s - a +0 tower shield
 u - the +7 plate armour "Saefyry" (worn) {+Blink rC+ Str+3}
   (You bought it in a shop on level 11 of the Dungeon)

   It affects your strength (+3).
   It protects you from cold.
   It lets you blink.
 v - a +1 helmet (worn)
 P - a +0 cloak (worn)
 S - the +0 pair of boots of the Slightly Bent (worn) {rF+ rC+ Int-2 Slay+3}
   (Okawaru gifted it to you on level 2 of the Orcish Mines)

   It affects your intelligence (-2).
   It affects your accuracy and damage with ranged weapons and melee attacks
   (+3).
   It protects you from fire.
   It protects you from cold.
 W - a +1 pair of gloves of dexterity (worn)
Jewellery
 a - a ring of see invisible (left hand)
 b - a +4 ring of protection (right hand)
 i - the ring "Dapram" {*Corrode rF++ MP+9, unknown}
   (You found it in the Desolation of Salt)

   [ring of magical power]

   It greatly protects you from fire.
   It affects your magic capacity (+9).
   It may corrode you when you take damage.
 k - an uncursed ring of resist corrosion
 L - an amulet of faith (around neck)
 T - an uncursed amulet of reflection
Wands
 e - a wand of flame (48)
 g - a wand of clouds (7)
 H - a wand of disintegration (15)
 I - a wand of digging (8)
 M - a wand of acid (25)
 N - a wand of polymorph (4)
 R - a wand of iceblast (6)
Scrolls
 h - 13 scrolls of teleportation
 j - 20 scrolls of remove curse
 l - 5 scrolls of fog
 q - 2 scrolls of identify
 t - 3 scrolls of enchant weapon
 y - 2 scrolls of holy word
 B - 8 scrolls of fear
 C - 2 scrolls of immolation
 D - 6 scrolls of magic mapping
 F - 6 scrolls of blinking
 Y - 2 scrolls of silence
Potions
 c - a potion of ambrosia
 d - 11 potions of curing
 n - 3 potions of heal wounds
 p - 7 potions of haste
 x - 2 potions of cancellation
 z - 4 potions of resistance
 A - 4 potions of might
 J - 3 potions of berserk rage
 Q - 3 potions of mutation
Miscellaneous
 E - 2 boxes of beasts
 U - a lightning rod (4/4)
Comestibles
 f - 49 rations
 o - 2 chunks of flesh


   Skills:
 + Level 19.8(18.8) Fighting
 - Level 17.3(16.2) Maces & Flails
 + Level 18.4(17.3) Armour
 + Level 19.4(18.3) Shields
 - Level 7.4(6.6) Invocations
 - Level 6.2(5.4) Evocations


You had 20 spell levels left.
You didn't know any spells.
Your spell library contained the following spells:

 Spells                   Type           Power        Failure   Level  Hunger
 Animate Skeleton         Necr           N/A          87%         1    ##.....
 Apportation              Tloc           #.....       87%         1    ##.....
 Beastly Appendage        Tmut           #.....       87%         1    ##.....
 Corona                   Hex            #......      87%         1    ##.....
 Infusion                 Chrm           #...         87%         1    ##.....
 Magic Dart               Conj           #...         87%         1    ##.....
 Summon Small Mammal      Summ           #...         87%         1    ##.....
 Ensorcelled Hibernation  Hex/Ice        #.....       95%         2    ###....
 Poisonous Vapours        Pois/Air       #.....       95%         2    ###....
 Searing Ray              Conj           #.....       95%         2    ###....
 Shroud of Golubria       Chrm/Tloc      #.....       95%         2    ###....
 Song of Slaying          Chrm           #.......     95%         2    ###....
 Confusing Touch          Hex            #.......     99%         3    ####...
 Conjure Flame            Conj/Fire      #.......     99%         3    ####...
 Dazzling Flash           Conj/Hex       #.....       99%         3    ####...
 Gell's Gravitas          Tloc           #.........   99%         3    ####...
 Ignite Poison            Fire/Tmut/Pois #.......     99%         3    ####...
 Ozocubu's Armour         Chrm/Ice       #.......     99%         3    ####...
 Recall                   Summ/Tloc      N/A          99%         3    ####...
 Spectral Weapon          Hex/Chrm       #.......     99%         3    ####...
 Spider Form              Tmut/Pois      #.........   99%         3    ####...
 Static Discharge         Conj/Air       #.......     99%         3    ####...
 Tukima's Dance           Hex            #.......     99%         3    ####...
 Animate Dead             Necr           N/A          100%        4    #####..
 Fulminant Prism          Conj/Hex       #.........   100%        4    #####..
 Iskenderun's Mystic Bla  Conj/Tloc      #.......     100%        4    #####..
 Petrify                  Tmut/Erth      #.......     100%        4    #####..
 Summon Ice Beast         Ice/Summ       #.......     100%        4    #####..
 Summon Lightning Spire   Summ/Air       #.......     100%        4    #####..
 Borgnjor's Vile Clutch   Necr/Erth      #.........   100%        5    ######.
 Fireball                 Conj/Fire      #.........   100%        5    ######.
 Irradiate                Conj/Tmut      #.........   100%        5    ######.
 Lightning Bolt           Conj/Air       #.........   100%        5    ######.
 Metabolic Englaciation   Hex/Ice        #.........   100%        5    ######.
 Silence                  Hex/Air        #.........   100%        5    ######.
 Yara's Violent Unravell  Hex/Tmut       #.........   100%        5    ######.
 Conjure Ball Lightning   Conj/Air       #.........   100%        6    #######
 Death Channel            Necr           #.........   100%        6    #######
 Hydra Form               Tmut           #.........   100%        6    #######
 Simulacrum               Ice/Necr       #.........   100%        6    #######
 Starburst                Conj/Fire      #.........   100%        6    #######
 Orb of Destruction       Conj           #.........   100%        7    #######
 Ring of Flames           Chrm/Fire      #.........   100%        7    #######
 Spellforged Servitor     Conj/Summ      #.........   100%        7    #######
 Ignition                 Fire           #.........   100%        8    #######
 Tornado                  Air            #.........   100%        9    #######


Dungeon Overview and Level Annotations

Branches:
Dungeon (15/15)            Temple (1/1) D:4            Lair (6/6) D:10
  Swamp (4/4) Lair:2        Snake (4/4) Lair:2        Slime (0/5) Lair:5
    Orc (2/2) D:11            Elf (0/3) Orc:2        Vaults (2/5) D:14
 Depths (0/5) D:15        Ossuary (visited)           IceCv (visited)
Volcano (visited)         Desolation (1/1)
  Crypt: Vaults:2-3

Altars:
Ashenzari
Cheibriados
Dithmenos
Elyvilon
Fedhas
Gozag
Hepliaklqana
Kikubaaqudgha
Makhleb
Nemelex Xobeh
Okawaru
Qazlal
Ru
Sif Muna
Trog
Uskayaw
Vehumet
Wu Jian
Xom
Yredelemnul
Zin
The Shining One
Beogh

Shops:
D:5 :   D:10 (!(   D:11 *   Orc:2 [}:=?   Snake:2 %   Vaults:1 :

Annotations:
D:12 3 runed translucent doors


Innate Abilities, Weirdness & Mutations

You are resistant to torment.
Your stone body is resilient. (AC +16)
You are immune to poison.
Your large and strong wings let you fly indefinitely.
You resist negative energy. (rN+)
You are resistant to electric shocks. (rElec)
You can survive without breathing.
You are immune to petrification.
You are immune to rotting.


Message History

The guardian serpent barely misses you. The guardian serpent hits you!
* * * LOW HITPOINT WARNING * * *
The ironbrand convoker hits you but does no damage. x2
The ironbrand convoker closely misses you.
You block the ironbrand convoker's attack.
You block the servant of whispers's attack.
The guardian serpent hits you.
* * * LOW HITPOINT WARNING * * *
You thump the servant of whispers!
The servant of whispers is severely wounded.
You block the ironbrand convoker's attack.
The ironbrand convoker closely misses you.
You sock the servant of whispers!
The servant of whispers is almost dead.
The guardian serpent hits you!!
* * * LOW HITPOINT WARNING * * *
You block the servant of whispers's attack.
The ironbrand convoker hits you but does no damage.
The ironbrand convoker hits you with a +0 morningstar!
You die...

######## #)[:[|.#......
##......##......
#.......[#§§.§.§§
#......."#§§§§.§§
#......##..§.§.§
#..Spp.#...§.§§.
#p@###..§§.§.. .
#pp#8....§.§.§
....#.p#...§§§§.§§.
...........§§§§.§§§..
........§.).§§.§§§§.....
.......§§§.§§§§§........
........§§§§§§§.§.§.....
......§§.§§§§§§..§......
.....8§...§§§§§..§......


You could see a servant of whispers (strong), 5 ironbrand convokers and a
guardian serpent (strong).

Vanquished Creatures
  Rupert (D:14)
  Jorgrun (Swamp:1)
  Kirke (Swamp:3)
  3 thorn hunters (Swamp:4)
  Roxanne (D:14)
  A frost giant (D:12)
  11 nagarajas
  An imperial myrmidon (Desolation)
  A tengu reaver (Vaults:1)
  5 vault wardens
  Aizul (Snake:2)
  2 ironheart preservers (Vaults:1)
  A stone giant (Orc:1)
  A dire elephant (D:15)
  Azrael (D:15)
  Nessos (D:14)
  A red draconian (Volcano)
  A deep elf annihilator (Vaults:1)
  A halazid warlock (Desolation)
  The ghost of Chiseanne the Spear-Bearer, a journeyman GnWn of Gozag (D:14)
  2 crystal guardians (Desolation)
  2 fire dragons
  8 ogre magi
  A deep elf high priest (D:12)
  A great orb of eyes (D:15)
  6 ragged hierophants (Desolation)
  3 yaktaur captains
  2 vault guards (Vaults:1)
  7 servants of whispers
  A peacekeeper (Desolation)
  2 ice dragons
  2 rakshasas
  28 hydras
  7 ghost crabs
  25 two-headed ogres
  19 anacondas
  A catoblepas (Lair:6)
  2 shambling mangroves
  The ghost of Nr616 the Severer, a novice MiBe of Trog (D:8)
  13 naga warriors
  A death knight (Vaults:1)
  7 centaur warriors
  9 alligators
  A deep troll earth mage (Vaults:2)
  10 death yaks
  An orc high priest (D:11)
  A deep troll shaman (Lair:6)
  Urug (D:11)
  8 shock serpents
  14 naga sharpshooters
  2 deep elf knights
  A soul eater (D:14)
  The ghost of Froggeryz the Grappler, a novice GrMo of Okawaru (D:9)
  3 salamander mystics (Snake:4)
  A sixfirhy (D:14)
  8 skeletal warriors
  A deep troll (Vaults:2)
  A flayed ghost (Vaults:2)
  5 unseen horrors
  6 naga ritualists
  6 spriggan druids
  3 wizards (Vaults:1)
  An obsidian statue (D:14)
  6 orc knights
  14 swamp dragons
  6 ironbrand convokers
  A necromancer (IceCv)
  3 deep elf archers
  An orb spider (shapeshifter) (Vaults:1)
  2 deep elf magi
  2 cyclopes (D:12)
  3 manticores
  A wolf spider (Vaults:1)
  18 ugly things
  3 orc sorcerers
  11 mana vipers
  9 salamanders
  6 elephants (Lair:6)
  3 ice statues (IceCv)
  39 black mambas
  4 apocalypse crabs (Swamp:3)
  5 vault sentinels
  15 guardian serpents
  20 naga magi
  3 gargoyles
  17 spiny frogs
  2 rime drakes
  4 centaur skeletons
  2 komodo dragons
  8 ice devils (IceCv)
  34 yaktaurs
  3 efreet
  3 freezing wraiths
  2 hellwings (D:14)
  A red devil (D:14)
  6 trolls
  20 hornets
  4 polar bears
  14 blink frogs
  10 tyrant leeches
  25 saltlings
  38 slime creatures
  14 bog bodies
  A hippogriff (shapeshifter) (Vaults:1)
  11 hippogriffs
  12 spriggans
  4 wraiths
  6 shadows
  33 yaks
  2 wyverns
  6 fire elementals
  A hog (Swamp:3)
  16 humans (D:14)
  3 basilisks
  A human simulacrum (Vaults:1)
  8 vampire mosquitoes
  5 hungry ghosts
  19 swamp worms
  4 wargs
  10 insubstantial wisps
  67 nagas
  A soldier ant (shapeshifter) (Vaults:1)
  A hell hound (D:15)
  A soldier ant (D:13)
  An acid dragon (D:15)
  35 orc warriors
  10 porcupines
  16 water moccasins
  A hornet zombie (D:14)
  4 black bears
  10 swamp drakes
  3 ice beasts
  8 sky beasts
  A phantom (D:5)
  A necrophage (D:11)
  22 ogres
  4 boggarts (Lair:5)
  15 wolves
  24 centaurs
  A big kobold (D:5)
  14 crocodiles
  23 bullfrogs
  A gnoll sergeant (D:11)
  2 wyvern zombies
  12 scorpions
  An orc simulacrum (Vaults:1)
  14 wights
  6 killer bees
  3 electric eels (D:13)
  3 howler monkeys
  17 jellies
  7 crimson imps
  A quasit (D:14)
  7 centaur zombies
  3 lava snakes
  A draconian simulacrum (IceCv)
  12 hounds
  A human zombie (Ossuary)
  2 bullfrog zombies
  12 orc priests
  12 orc wizards
  2 bullfrog skeletons
  5 iguanas
  13 worker ants
  11 hell rats
  Terence (D:2)
  2 spriggan simulacra (IceCv)
  3 troll simulacra (IceCv)
  A big kobold zombie (Ossuary)
  3 centaur simulacra
  3 hound skeletons
  3 mummies (Ossuary)
  A spectral worker ant (D:8)
  2 worker ant zombies (D:5)
  15 adders
  5 gnolls (D:11)
  A howler monkey skeleton (D:5)
  6 scorpion zombies (Ossuary)
  A naga simulacrum (IceCv)
  An ogre simulacrum (IceCv)
  6 river rats (Lair:1)
  4 shadow imps
  A worker ant simulacrum (D:8)
  3 oozes (D:5)
  An adder skeleton (D:10)
  4 worms
  3 dart slugs (D:1)
  3 leopard geckos
  74 orcs
  3 giant cockroaches
  2 gnoll zombies (Ossuary)
  4 goblins
  7 hobgoblins
  12 jackals
  9 quokkas
  3 ball pythons
  4 bats
  2 frilled lizards
  2 hobgoblin zombies (Ossuary)
  14 kobolds
  3 orc zombies (Ossuary)
  A quokka skeleton (D:6)
  A quokka zombie (D:8)
  16 rats
  4 briar patches (Swamp:4)
1431 creatures vanquished.

Vanquished Creatures (collateral kills)
  the Lernaean hydra (Swamp:4)
1 creature vanquished.

Vanquished Creatures (others)
  A fire giant (D:12)
  A nagaraja (Snake:4)
  The ghost of Xigriu the Eclecticist, a journeyman DECj of Vehumet (D:15)
  A spriggan druid (Swamp:3)
  A wolf spider (D:15)
  A centaur zombie (D:12)
  2 guardian serpents (Snake:2)
  A large abomination (D:14)
  A saltling (Desolation)
  2 humans (Swamp:3)
  A swamp drake (Swamp:4)
  A crocodile (D:12)
  A worker ant (D:14)
  A shadow imp (D:14)
  A white imp (D:14)
  A hobgoblin zombie (Ossuary)
  A briar patch (Swamp:4)
  A bush (Swamp:4)
  32 fungi
  9 plants
  7 toadstools (D:5)
68 creatures vanquished.

Grand Total: 1500 creatures vanquished

Notes
Turn   | Place    | Note
-------+----------+-------------------------------------------
     0 | D:1      | Delamore the Gargoyle Fighter began the quest for the Orb.
     0 | D:1      | Reached XP level 1. HP: 14/14 MP: 1/1
   122 | D:1      | Reached XP level 2. HP: 19/19 MP: 2/2
   558 | D:1      | Reached XP level 3. HP: 23/23 MP: 3/3
   702 | D:2      | Noticed Terence
   710 | D:2      | Killed Terence
   856 | D:2      | Reached XP level 4. HP: 28/28 MP: 4/4
   944 | D:2      | Found an ornate altar of the Wu Jian Council.
  1305 | D:2      | Found a faded altar of an unknown god.
  1368 | D:2      | Found a basalt altar of Yredelemnul.
  1545 | D:2      | Found a sacrificial altar of Ru.
  1963 | D:3      | Reached skill level 5 in Maces & Flails
  2024 | D:3      | Reached XP level 5. HP: 31/32 MP: 5/5
  2073 | D:3      | Found a radiant altar of Vehumet.
  2724 | D:4      | Noticed an ogre
  2733 | D:4      | Killed an ogre
  2733 | D:4      | Reached XP level 6. HP: 37/37 MP: 6/6
  2738 | D:4      | Found a staircase to the Ecumenical Temple.
  2776 | Temple   | Entered the Ecumenical Temple
  3257 | Temple   | Became a worshipper of Warmaster Okawaru
  3507 | D:5      | Entered Level 5 of the Dungeon
  3507 | D:5      | Noticed an ice beast
  3524 | D:5      | HP: 1/37 [worker ant (1)]
  3525 | D:5      | Killed an ice beast
  3525 | D:5      | Reached XP level 7. HP: 1/41 MP: 7/7
  4014 | D:5      | Found Reat's Book Emporium.
  4039 | D:5      | Found a sand-covered staircase.
  4043 | Ossuary  | Entered an ossuary
  4244 | Ossuary  | Reached * piety under Okawaru
  4426 | Ossuary  | Reached XP level 8. HP: 35/46 MP: 8/8
  4968 | D:5      | Reached ** piety under Okawaru
  4980 | D:5      | Reached skill level 10 in Maces & Flails
  5447 | D:5      | Found a shattered altar of Ashenzari.
  5586 | D:5      | Noticed a slime creature
  5586 | D:5      | Noticed a slime creature
  5597 | D:5      | Killed a slime creature
  5597 | D:5      | Reached XP level 9. HP: 24/51 MP: 9/9
  6284 | D:6      | Reached *** piety under Okawaru
  7756 | D:7      | Found a blossoming altar of Fedhas.
  7810 | D:7      | Found a glowing silver altar of Zin.
  7818 | D:7      | Found a hide-covered altar of Uskayaw.
  7820 | D:7      | Found a shimmering blue altar of Sif Muna.
  7825 | D:7      | Found a glowing golden altar of the Shining One.
  7920 | D:7      | Reached skill level 5 in Fighting
  7920 | D:7      | Reached skill level 5 in Shields
  8175 | D:7      | Reached **** piety under Okawaru
  8175 | D:7      | Reached XP level 10. HP: 60/60 MP: 10/10
  8519 | D:8      | Found a transporter.
  8830 | D:8      | Found a transporter.
  8831 | D:8      | Noticed Nr616's ghost (novice MiBe)
  8869 | D:8      | Found a shimmering altar of Xom.
  9007 | D:8      | Found a stormy altar of Qazlal.
  9404 | D:9      | Reached ***** piety under Okawaru
  9554 | D:9      | Noticed a two-headed ogre
  9562 | D:9      | Found a basalt altar of Yredelemnul.
  9609 | D:8      | Killed a two-headed ogre
  9633 | D:9      | Reached XP level 11. HP: 61/69 MP: 11/11
  9740 | D:9      | Noticed an ogre mage
  9848 | D:9      | Noticed Froggeryz's ghost (novice GrMo)
  9850 | D:9      | Found a runed translucent gate.
  9851 | D:9      | Found a runed translucent gate.
  9851 | D:9      | Found a runed translucent gate.
  9921 | D:9      | Received a gift from Okawaru
  9943 | D:9      | Found a shadowy altar of Dithmenos.
 10385 | D:10     | Entered Level 10 of the Dungeon
 10392 | D:10     | Found Ateripij's Distillery.
 10409 | D:10     | Bought a potion of degeneration for 11 gold pieces
 10409 | D:10     | Bought a potion of berserk rage for 55 gold pieces
 10544 | D:10     | Found Tefrigin's Antique Weapon Emporium.
 10559 | D:10     | Bought a bloodstained mace for 248 gold pieces
 10559 | D:10     | Identified the cursed +1 mace of the Sugar Beet {protect,
                  | MP+9 Str-5 Int+3 Dex+2} (You bought it in a shop on level
                  | 10 of the Dungeon)
 10665 | D:10     | Found Wexuekhli's Antique Weapon Emporium.
 10846 | D:10     | Found a staircase to the Lair.
 10982 | D:10     | Reached skill level 10 in Fighting
 10982 | D:10     | Reached skill level 10 in Shields
 11213 | D:11     | Noticed a green ugly thing
 11225 | D:11     | Killed a green ugly thing
 11321 | D:10     | Bought an ancient mace for 248 gold pieces
 11321 | D:10     | Identified the +0 mace of the Poles {holy, Str+2} (You
                  | bought it in a shop on level 10 of the Dungeon)
 11347 | D:11     | Found a staircase to the Orcish Mines.
 11483 | D:11     | Noticed a brown ugly thing
 11493 | D:11     | Killed a brown ugly thing
 11587 | D:11     | Noticed a two-headed ogre
 11608 | D:11     | Killed a two-headed ogre
 11622 | D:11     | Found Jeidauk's Assorted Antiques.
 11654 | D:11     | Reached ****** piety under Okawaru
 11677 | D:11     | Received a gift from Okawaru
 11944 | D:11     | Noticed Urug
 11958 | D:11     | Killed Urug
 12062 | D:11     | Noticed a two-headed ogre
 12072 | D:11     | Killed a two-headed ogre
 12072 | D:11     | Reached XP level 12. HP: 80/80 MP: 12/12
 12302 | Lair:1   | Entered Level 1 of the Lair of Beasts
 12752 | Lair:1   | Noticed a seven-headed hydra
 12772 | Lair:1   | Killed a seven-headed hydra
 12772 | Lair:1   | Received a gift from Okawaru
 12922 | Lair:1   | Reached skill level 5 in Armour
 13427 | Lair:2   | Noticed a seven-headed hydra
 13448 | Lair:2   | Killed a seven-headed hydra
 13559 | Lair:2   | Reached skill level 1 in Invocations
 13565 | Lair:2   | Reached skill level 1 in Evocations
 13669 | Lair:2   | Found a staircase to the Swamp.
 13778 | Lair:2   | Found a staircase to the Snake Pit.
 14181 | Lair:3   | Reached XP level 13. HP: 80/87 MP: 15/15
 14377 | Lair:3   | Received a gift from Okawaru
 15041 | Lair:4   | Found a dark tunnel.
 15055 | Volcano  | Entered a volcano
 15073 | Volcano  | Noticed a red draconian
 15089 | Volcano  | Killed a red draconian
 15089 | Volcano  | Reached skill level 5 in Invocations
 15523 | Lair:4   | Reached skill level 5 in Evocations
 16644 | Lair:5   | Found a frozen archway.
 16677 | IceCv    | Entered an ice cave
 17480 | IceCv    | Gained mutation: Your large and strong wings let you fly
                  | indefinitely. [Gargoyle growth]
 17480 | IceCv    | Reached XP level 14. HP: 41/94 MP: 19/19
 17716 | IceCv    | Reached skill level 10 in Armour
 17747 | IceCv    | Got an encrusted plate armour
 17766 | IceCv    | Identified the +10 plate armour of Xayb Qep {-Cast -Tele
                  | Str+9 Int+8} (You found it in an ice cave)
 17902 | Lair:5   | Received a gift from Okawaru
 18254 | Lair:5   | Found a staircase to the Slime Pits.
 18339 | Lair:6   | Entered Level 6 of the Lair of Beasts
 18865 | Lair:6   | Received a gift from Okawaru
 18882 | Lair:6   | Received a gift from Okawaru
 18915 | Lair:6   | Got a shimmering flail {god gift}
 18954 | Lair:6   | Identified the +1 flail of Egg {speed, rF- Str+3 Int+4
                  | Dex+7} (Okawaru gifted it to you on level 6 of the Lair of
                  | Beasts)
 19807 | D:9      | Killed Froggeryz's ghost
 19887 | D:8      | Killed Nr616's ghost
 19991 | Orc:1    | Entered Level 1 of the Orcish Mines
 20128 | Orc:1    | You fall into a shaft and drop 1 floor!
 20128 | Orc:2    | Entered Level 2 of the Orcish Mines
 20132 | Orc:2    | Found a staircase to the Elven Halls.
 20289 | Orc:1    | Noticed a stone giant
 20429 | Orc:2    | Received a gift from Okawaru
 20484 | Orc:2    | Got a pair of fading boots {god gift}
 20556 | Orc:1    | Identified the +0 pair of boots of the Slightly Bent {rF+
                  | rC+ Int-2 Slay+3} (Okawaru gifted it to you on level 2 of
                  | the Orcish Mines)
 20568 | Orc:2    | Found a roughly hewn altar of Beogh.
 20625 | Orc:2    | Reached XP level 15. HP: 101/101 MP: 20/20
 20690 | Orc:2    | Found Majorol's Book Boutique.
 20690 | Orc:2    | Found Poamus's Jewellery Emporium.
 20692 | Orc:2    | Found Qokhlet's Magic Scroll Shoppe.
 20694 | Orc:2    | Found Laes's Gadget Shop.
 20701 | Orc:2    | Bought a scroll of acquirement for 520 gold pieces
 20785 | Orc:2    | Found Zabamut's Armour Emporium.
 20874 | Orc:2    | Found a roughly hewn altar of Beogh.
 21321 | Orc:1    | Paralysed by an orc sorcerer for 2 turns
 21675 | D:11     | Bought a polished plate armour for 1036 gold pieces
 21675 | D:11     | Identified the +7 plate armour "Saefyry" {+Blink rC+ Str+3}
                  | (You bought it in a shop on level 11 of the Dungeon)
 21922 | D:12     | Noticed a frost giant
 21927 | D:12     | Noticed a fire giant
 22440 | D:12     | Found a runed translucent gate.
 22440 | D:12     | Found a runed translucent gate.
 22440 | D:12     | Found a runed translucent gate.
 22564 | D:12     | Killed a fire giant
 22584 | D:12     | Received a gift from Okawaru
 22604 | D:12     | Killed a frost giant
 22669 | D:12     | Found a runed translucent gate.
 22669 | D:12     | Found a runed translucent gate.
 22669 | D:12     | Found a runed translucent gate.
 22686 | D:12     | Got a smoking plate armour
 22688 | D:12     | Identified the +2 plate armour "Epir" {Int+7} (You found it
                  | on level 12 of the Dungeon)
 24261 | D:14     | Found a gate to the Vaults.
 24261 | D:14     | Noticed Rupert
 24261 | D:14     | Noticed Azrael
 24315 | D:14     | Noticed Nessos
 24340 | D:14     | Killed Nessos
 24408 | D:14     | Identified Roxanne's Grimoire of the Rocks
 24408 | D:14     | Noticed Roxanne
 24680 | D:14     | Found a runed translucent gate.
 24680 | D:14     | Found a runed translucent gate.
 24681 | D:14     | Found a runed translucent gate.
 24682 | D:14     | Noticed Xigriu's ghost (journeyman DECj)
 24682 | D:14     | Noticed Chiseanne's ghost (journeyman GnWn)
 24739 | D:15     | Entered Level 15 of the Dungeon
 24755 | D:15     | Killed Xigriu's ghost
 25054 | D:14     | Reached skill level 15 in Maces & Flails
 25485 | D:15     | Killed Azrael
 25485 | D:15     | Reached XP level 16. HP: 104/107 MP: 21/21
 25563 | D:14     | Received a gift from Okawaru
 25590 | D:14     | Killed Chiseanne's ghost
 25859 | D:14     | Killed Rupert
 26029 | D:14     | Received a gift from Okawaru
 26272 | D:14     | Got a pair of brightly glowing boots {god gift}
 26285 | D:14     | Identified the +2 pair of boots of Delamore's Prudence
                  | {rC+} (Okawaru gifted it to you on level 14 of the Dungeon)
 26655 | D:14     | Killed Roxanne
 27141 | D:14     | Identified the Disquisition on Icy Flight
 28091 | D:15     | Paralysed by a great orb of eyes for 5 turns
 28454 | D:15     | Found a staircase to the Depths.
 28919 | Snake:1  | Entered Level 1 of the Snake Pit
 28996 | Snake:1  | Received a gift from Okawaru
 29007 | Snake:1  | Got a distressingly furry scale mail {god gift}
 29018 | Snake:1  | Identified the +6 scale mail of Vapp {rF+ Regen+} (Okawaru
                  | gifted it to you on level 1 of the Snake Pit)
 29290 | Snake:1  | Reached skill level 15 in Fighting
 29681 | Snake:1  | Reached XP level 17. HP: 113/113 MP: 22/22
 30414 | Snake:2  | Noticed Aizul
 30696 | Snake:2  | Killed Aizul
 30936 | Snake:2  | Found Kabuilo's Food Shop.
 30969 | Snake:2  | Received a gift from Okawaru
 30969 | Snake:2  | Reached skill level 15 in Shields
 32153 | Snake:3  | Received a gift from Okawaru
 33619 | Snake:4  | Entered Level 4 of the Snake Pit
 33737 | Snake:4  | Reached XP level 18. HP: 121/122 MP: 23/23
 33816 | Snake:4  | Received a gift from Okawaru
 34317 | Snake:4  | Reached skill level 15 in Armour
 34690 | Snake:4  | Received a gift from Okawaru
 35022 | Snake:4  | Got a serpentine rune of Zot
 35476 | Swamp:1  | Entered Level 1 of the Swamp
 35476 | Swamp:1  | Noticed Jorgrun
 35485 | Swamp:1  | Killed Jorgrun
 36288 | Swamp:2  | Received a gift from Okawaru
 36471 | Swamp:2  | Identified the +5 ring mail of Musof {rF+ rN+ MR+ Str+2}
 36496 | Swamp:2  | Reached XP level 19. HP: 128/128 MP: 24/24
 36984 | Swamp:3  | Noticed Kirke
 36993 | Swamp:3  | Killed Kirke
 37508 | Swamp:3  | Found a runed translucent door.
 37653 | Swamp:3  | Received a gift from Okawaru
 37952 | Swamp:3  | Received a gift from Okawaru
 38039 | Swamp:3  | Paralysed by you for 3 turns
 38088 | Swamp:3  | Paralysed by you for 4 turns
 38141 | Swamp:3  | Identified the Handbook of the Hurtful Glacier
 38414 | Swamp:4  | Entered Level 4 of the Swamp
 38697 | Swamp:4  | Received a gift from Okawaru
 39212 | Swamp:4  | Noticed the 27-headed Lernaean hydra
 39412 | Orc:2    | Bought a phantom mirror for 360 gold pieces
 39745 | Swamp:4  | Killed the 27-headed Lernaean hydra
 40536 | Swamp:4  | Reached XP level 20. HP: 137/137 MP: 25/25
 40581 | Swamp:4  | Got a decaying rune of Zot
 40940 | Vaults:1 | Entered Level 1 of the Vaults
 40991 | Vaults:1 | Received a gift from Okawaru
 41534 | Vaults:1 | Received a gift from Okawaru
 41547 | Vaults:1 | Got a fine morningstar {god gift}
 41549 | Vaults:1 | Identified the +5 morningstar of Okawaru's Castigation
                  | {antimagic, rPois rF++} (Okawaru gifted it to you on level
                  | 1 of the Vaults)
 42009 | Vaults:1 | Found Ekoubajop's Book Emporium.
 42259 | Vaults:1 | Received a gift from Okawaru
 42300 | Vaults:1 | Paralysed by an ogre mage for 3 turns
 43115 | Vaults:2 | Found a ruined gateway.
 43246 | Desolati | Entered the Desolation of Salt
 43417 | Desolati | Received a gift from Okawaru
 43669 | Desolati | Got a bloodstained morningstar
 43670 | Desolati | Identified the cursed +1 morningstar "Discho" {flame, +Rage
                  | rElec rF- Stlth-} (You found it in the Desolation of Salt)
 43734 | Desolati | Reached XP level 21. HP: 145/145 MP: 26/26
 43767 | Desolati | Got a warped steel ring
 43770 | Desolati | Got a translucent buckler
 43777 | Desolati | Got a masterwork chain mail
 43827 | Desolati | Identified the Guide on Shifting Confrontation
 43907 | Desolati | Identified the +3 buckler of the Orb {-Cast Harm +Fly rF+}
                  | (You found it in the Desolation of Salt)
 43908 | Desolati | Identified the +5 chain mail of the Trees {Regen+} (You
                  | found it in the Desolation of Salt)
 43909 | Desolati | Identified the ring "Xanice" {Ice MR+ Int+2} (You found it
                  | in the Desolation of Salt)
 43957 | Desolati | Got a steaming bone ring
 44061 | Desolati | Slain by an ironbrand convoker

Illustrated notes

Levels and vault maps discovered:
D:1:      lordsloth_arrival_two_stooges, layout_loops_ring
D:2:      layout_loops_ring, yredelemnul_altar_generic,
          nicolae_overflow_crystal_walls, lemuel_coloured_pillars_altar,
          chequers_ecumenical_altar_grove, uniq_terence
D:3:      layout_loops_ring, vehumet_crystals
D:4:      layout_basic, temple_green, first_ration
D:5:      cheibrodos_fertilizer, layout_gridville, evilmike_ruin_ashenzari,
          serial_shops, shop, nicolae_ossuary_entry_plus
D:6:      layout_basic
D:7:      layout_loops_corners, minitemple, old_standard_altar,
          serial_bayou_pond_c
D:8:      layout_basic, nicolae_qazlal_general_emergency, xom_teletrap_fun,
          gammafunk_ghost_mausoleum, grunt_pizzeria,
          minmay_fractal_squares_gapless_5
D:9:      layout_loops_cross, nicolae_dithmenos_shadow_blocks,
          gammafunk_ghost_split, chequers_serial_rivers_marsh,
          minmay_ruined_shrine
D:10:     layout_loops_ring, lair_entry_dummy, serial_shops, shop,
          kennysheep_little_box, shop
D:11:     layout_stronghold, david_orc_3, serial_shops, shop, uniq_urug
D:12:     kennysheep_treasure_stockpile, layout_basic
D:13:     layout_basic
D:14:     layout_rooms, david_vaults_3, kennysheep_big_empty_room,
          gammafunk_ghost_cemetery, hangedman_devilish_allure, uniq_nessos,
          uniq_roxanne, uniq_azrael
D:15:     hangedman_depths_entry_try_elsewhere_first, layout_layer_cave,
          dk_noncrumbling_2, uniq_rupert
Temple:   jpeg_temple_island
Lair:1:   layout_roguey, kennysheep_abandoned_house
Lair:2:   layout_roguey, minmay_swamp_entry_worms,
          minmay_snake_entry_guardpost_medium
Lair:3:   layout_gridlike
Lair:4:   layout_gridlike, enter_volcano_4
Lair:5:   layout_misc_corridors, minmay_slime_entry_pillars,
          portal_ice_cave_entry_pillars_1, kilobyte_rumbling_trees
Lair:6:   grunt_lair_end_beastmaster, layout_regular_city, grunt_megastairs_5,
          lemuel_fruit_fields
Swamp:1:  layout_falls_marsh, hangedman_swamp_cone, swamp_pool1, uniq_jorgrun
Swamp:2:  layout_falls_marsh, evilmike_swamp_ruin_rubble_2, swamp_pool4,
          nicolae_swamp_treefoil, infiniplex_staircase_pool_2
Swamp:3:  gammafunk_mikee_crab_dinner, layout_falls_marsh,
          evilmike_swamp_ruin_rubble_1, nicolae_swamp_trees_clearing,
          swamp_pool2, nicolae_swamp_baby_hydras, uniq_kirke
Swamp:4:  grunt_swamp_rune_castle, layout_basic_swamp
Snake:1:  layout_misc_corridors
Snake:2:  nicolae_aizul_guard, layout_grid_maze, special_room, serial_shops,
          nicolae_shop_trees
Snake:3:  layout_chambers, lemuel_fruit_tree
Snake:4:  grunt_snake_rune_serpentine_throne, layout_basic
Orc:1:    layout_caves
Orc:2:    st_orc_rangers, layout_diamond_mine, basic_altar, serial_shops,
          nicolae_shop_window_shopping, minmay_orc_temple_a
Vaults:1: nicolae_vaults_what_the_h, v_rooms_4, nicolae_vaults_ninety_degrees,
          ontoclasm_vaults_gallery, vaults_room_pools,
          ontoclasm_vaults_decontamination, layout_vaults_quadrants,
          serial_shops, nicolae_shop_behind_doors
Vaults:2: nicolae_vaults_shelves_hall, hangedman_vaults_hat,
          nicolae_vaults_arrows, v_misc_28, ontoclasm_vaults_loading_screen,
          vaults_mumra_lcd, ontoclasm_vaults_ring_square, v_misc_11,
          grunt_vaults_twisty, ontoclasm_vaults_misaligned,
          ontoclasm_vaults_hangar, nicolae_vaults_little_squares_6, v_misc_26,
          v_misc_16, layout_vaults_omnibox, portal_desolation_entry_salt,
          serial_shops, shop
Desolation

Skill      XL: |  1  2  3  4  5  6  7  8  9 10 11 12 13 14 15 16 17 18 19 20 |
---------------+-------------------------------------------------------------+-----
Maces & Flails | 3 4 5 6 7 9 11 12 15 17 | 17.3
Fighting       | 5 8 11 12 13 14 15 16 17 18 19 | 19.8
Shields        | 5 8 11 12 13 14 15 17 18 19 | 19.4
Armour         | 7 9 11 12 14 15 17 18 | 18.4
Invocations    | 3 7 |  7.4
Evocations     | 2 6 |  6.2

Action                   |  1- 3 |  4- 6 |  7- 9 | 10-12 | 13-15 | 16-18 | 19-21 || total
-------------------------+-------+-------+-------+-------+-------+-------+-------++-------
Melee: Flail             |   112 |   188 |   357 |       |     7 |       |       ||   664
       Whip              |       |       |   227 |   986 |  2323 |  1136 |       ||  4672
       Mace              |       |       |       |       |    68 |       |       ||    68
       Eveningstar       |       |       |       |       |       |   730 |  1029 ||  1759
Throw: Dart              |       |     6 |       |     3 |       |       |       ||     9
       Boomerang         |       |       |       |     3 |       |       |       ||     3
       Javelin           |       |       |       |       |     4 |     3 |       ||     7
Invok: Finesse           |       |       |       |     2 |     4 |     3 |     5 ||    14
       Heroism           |       |       |       |     1 |     1 |     1 |       ||     3
 Abil: Fly               |       |       |       |       |     1 |     1 |       ||     2
       Stop Flying       |       |       |       |       |     1 |       |     1 ||     2
Evoke: Lightning rod     |       |       |       |       |     4 |     4 |       ||     8
       Wand              |       |       |       |       |     3 |     3 |       ||     6
       Phantom mirror    |       |       |       |       |       |       |     1 ||     1
  Use: Potion            |       |     1 |       |       |     3 |     2 |     2 ||     8
       Scroll            |       |       |    13 |    10 |    10 |    12 |    10 ||    55
 Stab: Paralysed         |       |       |       |       |       |       |     1 ||     1
  Eat: Chunk             |       |     9 |    12 |    22 |    31 |    18 |    16 ||   108
       Ration            |       |       |     1 |     1 |     3 |     5 |     3 ||    13
Armor: Scale mail        |    62 |       |       |       |       |       |       ||    62
       Chain mail        |     4 |   105 |   299 |   312 |   289 |       |       ||  1009
       Plate armour      |       |       |       |       |   720 |   874 |   688 ||  2282
Dodge: Dodged            |    36 |    50 |   186 |   178 |   423 |   284 |   188 ||  1345
Block: Kite shield       |    62 |    31 |       |       |       |  1076 |   899 ||  2068
       Buckler           |       |    17 |   129 |   228 |   740 |   395 |       ||  1509
       Reflection        |       |       |       |       |    17 |   119 |    53 ||   189
